 Dungeon Crawl Stone Soup version 0.29-a0-284-gf9362112df (webtiles) character file.

Game seed: 1114703846788525778

2658 sammy202020 the Fighter (level 9, -5/124 HPs)
             Began as a Minotaur Berserker on Mar 16, 2022.
             Was an Elder of Trog.
             Slain by a hellwing (8 damage)
             ... on level 7 of the Dungeon.
             The game lasted 00:09:33 (6357 turns).

sammy202020 the Fighter (Minotaur Berserker)        Turns: 6357, Time: 00:09:35

Health: -5/124     AC: 13    Str: 23    XL:     9   Next: 36%
Magic:  8/8        EV: 12    Int:  8    God:    Trog [****..]
Gold:   124        SH:  0    Dex: 11    Spells: 8/8 levels left

rFire   . . .      SeeInvis .   E - +0 battleaxe
rCold   + . .      Faith    .   (shield currently unavailable)
rNeg    . . .      Spirit   .   A - +0 scale mail {rC+}
rPois   .          Reflect  .   (helmet restricted)
rElec   .          Harm     .   r - +0 cloak
rCorr   .          Rampage  .   j - +2 pair of gloves
Will    ++...                   (no boots)
Stlth   ..........              (no amulet)
HPRegen 1.30/turn               (no ring)
MPRegen 0.11/turn               (no ring)

@: berserking, strong-willed, regenerating, very quick
A: horns 2, retaliatory headbutt, agile 1
a: Renounce Religion, Berserk, Trog's Hand, Brothers in Arms


You were on level 7 of the Dungeon.
You worshipped Trog.
Trog was greatly pleased with you.
You visited 1 branch of the dungeon, and saw 7 of its levels.
You also visited: Sewer.

You collected 254 gold pieces.
You spent 130 gold pieces at shops.

Inventory:

Hand Weapons
 y - a +2 dire flail of holy wrath
 E - a +0 battleaxe (weapon)
Missiles
 m - a boomerang
 u - 14 poisoned darts
 v - 2 curare-tipped darts
 D - 4 silver boomerangs (quivered)
Armour
 f - a +0 chain mail
 j - a +2 pair of gloves (worn)
 r - a +0 cloak (worn)
 A - a +0 scale mail of cold resistance (worn)
Wands
 a - a wand of iceblast (8)
 h - a wand of mindburst (5)
 n - a wand of paralysis (9)
 o - a wand of flame (14)
Scrolls
 b - a scroll of enchant armour
 c - a scroll of fog
 e - a scroll of teleportation
 k - a scroll of blinking
Potions
 d - a potion of heal wounds
 g - a potion of attraction {unknown}
 i - a potion of mutation
 l - 2 potions of haste {unknown}
 p - a potion of lignification {unknown}
 q - 2 potions of flight {unknown}
 t - a potion of might {unknown}
 w - 2 potions of brilliance {unknown}
 x - a potion of invisibility {unknown}
 z - a potion of cancellation {unknown}
 B - a potion of curing {unknown}


   Skills:
 * Level 9.0 Fighting
 * Level 8.9 Axes
 * Level 8.7 Armour
 + Level 5.7 Dodging


You had 8 spell levels left.
You didn't know any spells.
Your spell library was empty.

Dungeon Overview and Level Annotations

Branches:
Dungeon (7/15)             Temple (0/1) D:5           Sewer (visited)

Altars:
Ru

Shops:
D:5 [   D:6 (

Annotations:
D:7 3 runed translucent doors, Cecur's ghost, novice DsGl; sammy202020's ghost, novice DsBe; spaghetti's ghost, novice NaCK


Innate Abilities, Weirdness & Mutations

You have a pair of horns on your head.
You reflexively headbutt those who attack you in melee.
You are agile. (Dex +2)


Message History

The centaur warrior skeleton hits you but does no damage.
The centaur warrior skeleton kicks you but does no damage.
The hellwing closely misses you. The hellwing completely misses you.
The centaur warrior skeleton hits you.
* * * LOW HITPOINT WARNING * * *
The centaur warrior skeleton closely misses you.
Unknown command.
You slash the hellwing! Your headbutt misses the hellwing.
The hellwing is moderately wounded.
You hit the hellwing but do no damage.
You slash the centaur warrior skeleton! x2
You destroy the centaur warrior skeleton!
Trog accepts your kill.
You slash the centaur warrior skeleton!
You destroy the centaur warrior skeleton!
Trog accepts your kill.
The centaur warrior skeleton hits you but does no damage.
The centaur warrior skeleton kicks you but does no damage.
The hellwing hits you!
* * * LOW HITPOINT WARNING * * *
The hellwing closely misses you. The hellwing hits you.
* * * LOW HITPOINT WARNING * * *
The hellwing barely misses you.
Your Fighting skill increases to level 9!
You hit the hellwing but do no damage.
The hellwing is moderately wounded.
You hit the hellwing but do no damage. You slash the centaur warrior skeleton!
The centaur warrior skeleton misses you.
The centaur warrior skeleton kicks you but does no damage.
The hellwing hits you.
* * * LOW HITPOINT WARNING * * *
The hellwing barely misses you.
The hellwing hits you but does no damage. x2
You closely miss the hellwing.
The hellwing is moderately wounded.
You hit the hellwing but do no damage.
You barely miss the centaur warrior skeleton.
The centaur warrior skeleton completely misses you.
The centaur warrior skeleton kicks you but does no damage.
The hellwing hits you!
You die...

.......... ...
.........# ...
.........# ....
#.......#.....
#.......#..8..
###............8
.........Z[.....
.......4@#
...#.#4##
..88P.. #.#
.....P8. #.#
....8... #.#
....P...
#.#####.......
#...........#
###......#.#
#......#.#


You could see 2 hellwings and a centaur warrior skeleton.

Vanquished Creatures
  2 centaur skeletons (D:7)
  Grinder (D:5)
  Sigmund (D:6)
  Edmund (D:5)
  Duvessa (D:4)
  An ice beast (D:6)
  A black bear (D:6)
  2 ogres
  4 kobold brigands (Sewer)
  A scorpion (D:6)
  Dowan (D:4)
  2 jellies
  An orc priest (D:3)
  2 hounds
  Crazy Yiuf (D:4)
  Natasha (thrice) (D:4)
  3 iguanas
  2 orc wizards (D:5)
  4 gnolls (D:5)
  9 adders
  7 river rats
  6 shadow imps
  A white imp (D:6)
  2 ufetubi
  2 worms
  4 dart slugs
  14 orcs
  8 ball pythons
  8 endoplasms
  3 giant cockroaches
  6 goblins
  3 hobgoblins
  2 jackals (D:3)
  8 quokkas
  7 bats
  3 frilled lizards
  20 kobolds
  23 rats
170 creatures vanquished.

Vanquished Creatures (others)
  2 withered plants (D:7)
2 creatures vanquished.

Grand Total: 172 creatures vanquished

Notes
Turn   | Place    | Note
-------+----------+-------------------------------------------
     0 | D:1      | sammy202020 the Minotaur Berserker began the quest for the
                  | Orb.
     0 | D:1      | Reached XP level 1. HP: 19/19 MP: 0/0
    14 | D:1      | Found a faded altar of an unknown god.
   348 | D:1      | Reached XP level 2. HP: 25/27 MP: 1/1
   863 | D:2      | Reached skill level 4 in Fighting
   868 | D:2      | Noticed an ogre
   876 | D:2      | Killed an ogre
   877 | D:2      | Reached XP level 3. HP: 34/34 MP: 2/2
   877 | D:2      | Reached XP level 4. HP: 41/41 MP: 3/3
  1393 | D:2      | Reached XP level 5. HP: 37/47 MP: 4/4
  1592 | D:2      | Reached ** piety under Trog
  1956 | D:3      | Reached skill level 5 in Axes
  1957 | D:3      | Reached skill level 5 in Fighting
  2081 | D:3      | Found a sacrificial altar of Ru.
  2681 | D:4      | Noticed Duvessa
  2681 | D:4      | Noticed Dowan
  2694 | D:4      | Killed Duvessa
  2695 | D:4      | Reached XP level 6. HP: 35/56 MP: 5/5
  2699 | D:4      | Killed Dowan
  2700 | D:4      | Reached skill level 5 in Armour
  2936 | D:4      | Noticed Natasha
  2940 | D:4      | Killed Natasha
  3198 | D:4      | Noticed Natasha
  3203 | D:4      | Killed Natasha
  3238 | D:4      | Found a runed translucent door.
  3239 | D:4      | Noticed Crazy Yiuf
  3371 | D:4      | Noticed Natasha
  3376 | D:4      | Killed Natasha
  3527 | D:4      | Killed Crazy Yiuf
  3597 | D:5      | Entered Level 5 of the Dungeon
  3621 | D:5      | Found a staircase to the Ecumenical Temple.
  3645 | D:5      | Reached XP level 7. HP: 59/62 MP: 6/6
  3652 | D:5      | Reached skill level 6 in Fighting
  3966 | D:5      | Found Hebocija's Armour Boutique.
  3977 | D:5      | Noticed Grinder
  3999 | D:5      | Killed Grinder
  4162 | D:5      | Found a glowing drain.
  4172 | Sewer    | Entered a sewer
  4185 | Sewer    | Reached *** piety under Trog
  4381 | Sewer    | Reached skill level 7 in Fighting
  4381 | Sewer    | Reached XP level 8. HP: 38/73 MP: 7/7
  4760 | Sewer    | Reached **** piety under Trog
  5102 | D:5      | Noticed Edmund
  5117 | D:5      | Killed Edmund
  5595 | D:6      | Reached skill level 5 in Dodging
  5663 | D:6      | Reached skill level 8 in Fighting
  5664 | D:6      | Gained mutation: You are agile. (Dex +2) [potion of
                  | mutation]
  5837 | D:6      | Noticed Sigmund
  5846 | D:6      | Killed Sigmund
  5847 | D:6      | Reached XP level 9. HP: 69/82 MP: 8/8
  5931 | D:6      | Found Vas Gusu's Antique Weapon Emporium.
  5937 | D:6      | Bought a battleaxe for 130 gold pieces
  6321 | D:7      | Found a runed translucent gate.
  6321 | D:7      | Found a runed translucent gate.
  6321 | D:7      | Found a runed translucent gate.
  6324 | D:7      | Noticed spaghetti's ghost (novice NaCK)
  6325 | D:7      | Noticed Cecur's ghost (novice DsGl)
  6325 | D:7      | Noticed sammy202020's ghost (novice DsBe)
  6343 | D:7      | Noticed a hellwing
  6345 | D:7      | Noticed a hellwing
  6356 | D:7      | Reached skill level 9 in Fighting
  6356 | D:7      | HP: 2/124 [hellwing (6)]
  6357 | D:7      | Slain by a hellwing

Illustrated notes

Levels and vault maps discovered:
D:1:      dpeg_arrival_windows_large_door, layout_loops_cross,
          ebering_ecumenical_altar_rust
D:2:      layout_basic
D:3:      layout_basic, nicolae_overflow_crystal_walls, minmay_between
D:4:      layout_basic, minmay_misc_feat_hallway, minmay_misc_feat_columns,
          kennysheep_boxes, uniq_crazy_yiuf_cottage, uniq_duvessa, uniq_natasha
D:5:      layout_cave_pools, minmay_temple_entry_wispy, gup_sewer_entry_bubbles,
          serial_shops, shop, uniq_edmund, uniq_grinder
D:6:      layout_cave_pools, serial_shops, shop, uniq_sigmund
D:7:      cheibrodos_grave_circle, layout_basic, nzn_hepliaklqana_mist_gate,
          gammafunk_ghost_cemetery, kennysheep_donut, uniq_pikel

Skill      XL: |  1  2  3  4  5  6  7  8  9 |
---------------+----------------------------+-----
Fighting       | 4 5 7 8 9 |  9.0
Axes           | 4 5 7 8 |  8.9
Armour         | 3 4 5 6 8 |  8.7
Dodging        | 3 4 5 |  5.7

Action                   |  1- 3 |  4- 6 |  7- 9 || total
-------------------------+-------+-------+-------++-------
Melee: Hand axe          |    28 |   134 |   193 ||   355
       Headbutt          |     6 |    25 |    36 ||    67
       Punch             |       |     1 |       ||     1
       Battleaxe         |       |       |    21 ||    21
Invok: Trog's Hand       |       |     3 |     3 ||     6
       Berserk           |       |     3 |     2 ||     5
  Use: Scroll            |     3 |     3 |     2 ||     8
       Potion            |       |       |     1 ||     1
Armor: Animal skin       |     5 |     1 |       ||     6
       Chain mail        |       |    69 |    81 ||   150
       Scale mail        |       |       |    60 ||    60
Dodge: Dodged            |    12 |    58 |   131 ||   201

Table legend: (Time is in decaauts)
 A = Elapsed time spent in this place.
 B = Non-inter-level travel time spent in this place.
 C = Inter-level travel time spent in this place.
 D = Time resting spent in this place.
 E = Time spent auto-exploring this place.
 F = Levels seen in this place.
 G = Mean time per level.
                   A        B        C        D        E       F      G
               +--------+--------+--------+--------+--------+-----+--------+
         Total |   6443 |   6302 |    141 |     42 |   5204 |   8 |  805.4 |
       Dungeon |   5598 |   5457 |    141 |     42 |   4580 |   7 |  799.7 |
         Sewer |    844 |    844 |      0 |      0 |    624 |   1 |  844.0 |
               +--------+--------+--------+--------+--------+-----+--------+

Top non-repeatable levels by time:
     D:4: 1177 daAuts
     D:5: 1143 daAuts
     D:2: 1089 daAuts
   Sewer: 844 daAuts
     D:1: 774 daAuts
     D:6: 663 daAuts
     D:3: 587 daAuts
     D:7: 162 daAuts
